SL
DETROIT RENAISSANCE @ TOLEDO TITANS
09/02/2024
 
TOP OF THE 1ST
Detroit Renaissance batting - Pitching for Toledo Titans : RHP Manny Caraballo
Pitching: RHP Manny Caraballo
Batting: RHB Kyle Bywaters 0-0: Foul Ball, location: 2F
0-1: Ball
1-1: Fly out, F7 (Flyball, 78M)
Batting: RHB Bernardo Herrera 0-0: Ground out 1-3 (Groundball, 15)
Batting: LHB Mike Silver 0-0: Called Strike
0-1: Foul Ball, location: 2F
0-2: Foul Ball, location: 2F
0-2: Strikes out swinging
Top of the 1st over - 0 run(s), 0 hit(s), 0 error(s), 0 left on base; Detroit 0 - Toledo 0
BOTTOM OF THE 1ST
Toledo Titans batting - Pitching for Detroit Renaissance : RHP Domingo Ramírez
Pitching: RHP Domingo Ramírez
Batting: RHB Pil-joong Pak 0-0: Ball
1-0: SINGLE (Line Drive, 7S)
Batting: RHB Kade Knowles 0-0: Ball
1-0: SINGLE (Flyball, 78S)
Pil-joong Pak to second
Batting: LHB Tony Dyer 0-0: Grounds out, U3 (Groundball, 3L)
Pil-joong Pak to third
Batting: LHB Yannick Hendriksen 0-0: Ball
1-0: Called Strike
1-1: Called Strike
1-2: SINGLE (Groundball, 34D)
Pil-joong Pak scores
Kade Knowles to third
Runner from 3rd tries for Home, SAFE, no throw or cutoff
Batting: RHB Steve Dunn 0-0: Ball
1-0: Ball
2-0: Ball
3-0: Base on Balls
Yannick Hendriksen to second
Batting: LHB Chris West 0-0: Ball
1-0: Called Strike
1-1: Foul Ball, location: 2F
1-2: Fielders Choice at 2nd, 6-4 (Groundball, 6M)
Yannick Hendriksen to third
Batting: RHB Juan Ramos 0-0: Ball
1-0: Called Strike
1-1: Ball
2-1: Ball
3-1: Swinging Strike
3-2: Base on Balls
Chris West to second
Batting: RHB Mike Burns 0-0: Ball
1-0: Ball
2-0: Ball
3-0: Called Strike
3-1: Called Strike
3-2: Ground out 5-3 (Groundball, 5S)
Bottom of the 1st over - 2 run(s), 3 hit(s), 0 error(s), 3 left on base; Detroit 0 - Toledo 2
TOP OF THE 2ND
Detroit Renaissance batting - Pitching for Toledo Titans : RHP Manny Caraballo
Batting: LHB Juan González 0-0: Called Strike
0-1: Ball
1-1: Called Strike
1-2: Strikes out looking
Batting: LHB Gregory Johnson 0-0: Ball
1-0: Called Strike
1-1: Swinging Strike
1-2: Strikes out looking
Batting: LHB Michael Neely 0-0: Ground out 4-3 (Groundball, 4)
Top of the 2nd over - 0 run(s), 0 hit(s), 0 error(s), 0 left on base; Detroit 0 - Toledo 2
BOTTOM OF THE 2ND
Toledo Titans batting - Pitching for Detroit Renaissance : RHP Domingo Ramírez
Batting: LHB José Ortega 0-0: Ball
1-0: Called Strike
1-1: Ball
2-1: Ball
3-1: Base on Balls
Batting: RHB Pil-joong Pak 0-0: Ball
José Ortega is caught stealing 2nd base
1-0: Ground out 6-3 (Groundball, 6)
Batting: RHB Kade Knowles 0-0: Called Strike
0-1: Ball
1-1: Ball
2-1: Ball
3-1: Base on Balls
Batting: LHB Tony Dyer 0-0: Swinging Strike
0-1: Ball
1-1: Ball
2-1: Foul Ball, location: 2F
2-2: Foul Ball, location: 2F
2-2: Strikes out swinging
Bottom of the 2nd over - 0 run(s), 0 hit(s), 0 error(s), 1 left on base; Detroit 0 - Toledo 2
TOP OF THE 3RD
Detroit Renaissance batting - Pitching for Toledo Titans : RHP Manny Caraballo
Batting: LHB Tim Waters 0-0: Foul Ball, location: 2F
0-1: Ball
1-1: SOLO HOME RUN (Flyball, 9LD), Distance : 348 ft
Batting: LHB Gustavo Cortéz 0-0: Swinging Strike
0-1: Hit by Pitch
Batting: LHB Greg Robinson 0-0: Foul Ball, location: 2F
0-1: Ball
1-1: Foul Ball, location: 2F
1-2: SINGLE (Groundball, 34)
Gustavo Cortéz to second
Runner from 2nd tries for 3rd, OUT!
Greg Robinson to second
Batting: RHB Kyle Bywaters 0-0: Ball
1-0: Called Strike
1-1: Called Strike
1-2: Ball
2-2: Fly out, F8 (Flyball, 8RM)
Batting: RHB Bernardo Herrera 0-0: Foul Ball, location: 2F
0-1: Foul Ball, location: 2F
0-2: Ball
1-2: Strikes out swinging
Top of the 3rd over - 1 run(s), 2 hit(s), 0 error(s), 1 left on base; Detroit 1 - Toledo 2
BOTTOM OF THE 3RD
Toledo Titans batting - Pitching for Detroit Renaissance : RHP Domingo Ramírez
Batting: LHB Yannick Hendriksen 0-0: Swinging Strike
0-1: Called Strike
0-2: Foul Ball, location: 2F
0-2: Foul Ball, location: 2F
0-2: Ball
1-2: SINGLE (Groundball, 3D)
Batting: RHB Steve Dunn 0-0: Ball
1-0: Ball
2-0: Foul Ball, location: 2F
2-1: DOUBLE (Groundball, 5L)
Yannick Hendriksen to third
Batting: LHB Chris West 0-0: Called Strike
0-1: Swinging Strike
0-2: Ball
1-2: Ball
2-2: Foul Ball, location: 2F
2-2: Strikes out swinging
Batting: RHB Juan Ramos 0-0: Fly out, F8 (Flyball, 8RD)
Runner from 3rd tags up, SCORES, throw made
Batting: RHB Mike Burns 0-0: Called Strike
0-1: Ball
1-1: Called Strike
1-2: Ball
2-2: Strikes out swinging
Bottom of the 3rd over - 1 run(s), 2 hit(s), 0 error(s), 1 left on base; Detroit 1 - Toledo 3
TOP OF THE 4TH
Detroit Renaissance batting - Pitching for Toledo Titans : RHP Manny Caraballo
Batting: LHB Mike Silver 0-0: Ball
1-0: Foul Ball, location: 2F
1-1: Foul Ball, location: 2F
1-2: Strikes out swinging
Batting: LHB Juan González 0-0: Ball
1-0: Foul Ball, location: 2F
1-1: Ball
2-1: Hit by Pitch
Batting: LHB Gregory Johnson 0-0: Called Strike
0-1: Foul Ball, location: 2F
0-2: Foul Ball, location: 2F
0-2: Strikes out swinging
Batting: LHB Michael Neely 0-0: Called Strike
0-1: Foul Ball, location: 2F
0-2: Ball
1-2: Ball
2-2: Foul Ball, location: 2F
2-2: Ball
3-2: Base on Balls
Juan González to second
Batting: LHB Tim Waters 0-0: Called Strike
0-1: Ball
1-1: Ball
2-1: Ball
3-1: Fly out, F7 (Flyball, 7S)
Top of the 4th over - 0 run(s), 0 hit(s), 0 error(s), 2 left on base; Detroit 1 - Toledo 3
BOTTOM OF THE 4TH
Toledo Titans batting - Pitching for Detroit Renaissance : RHP Domingo Ramírez
Batting: LHB José Ortega 0-0: Ball
1-0: Ball
2-0: Called Strike
2-1: Ball
3-1: Base on Balls
Batting: RHB Pil-joong Pak 0-0: Called Strike
0-1: Foul Ball, location: 2F
0-2: Strikes out swinging
Batting: RHB Kade Knowles 0-0: Ball
José Ortega steals 2nd base
1-0: Foul Ball, location: 2F
1-1: Ball
2-1: Foul Ball, location: 2F
2-2: Ground out 4-3 (Groundball, 4)
José Ortega to third
Batting: LHB Tony Dyer 0-0: Ground out 4-3 (Groundball, 34)
Bottom of the 4th over - 0 run(s), 0 hit(s), 0 error(s), 1 left on base; Detroit 1 - Toledo 3
TOP OF THE 5TH
Detroit Renaissance batting - Pitching for Toledo Titans : RHP Manny Caraballo
Batting: LHB Gustavo Cortéz 0-0: Ball
1-0: Ground out 4-3 (Groundball, 6M)
Batting: LHB Greg Robinson 0-0: Called Strike
0-1: Called Strike
0-2: Strikes out swinging, 2-3 out at first.
Batting: RHB Kyle Bywaters 0-0: Ball
1-0: Ball
2-0: Ground out 5-3 (Groundball, 56)
Top of the 5th over - 0 run(s), 0 hit(s), 0 error(s), 0 left on base; Detroit 1 - Toledo 3
BOTTOM OF THE 5TH
Toledo Titans batting - Pitching for Detroit Renaissance : RHP Domingo Ramírez
Batting: LHB Yannick Hendriksen 0-0: Fly out, F9 (Flyball, 9M)
Batting: RHB Steve Dunn 0-0: Called Strike
0-1: Ball
1-1: Foul Ball, location: 2F
1-2: Foul Ball, location: 2F
1-2: Ball
2-2: Ball
3-2: Strikes out swinging
Batting: LHB Chris West 0-0: Ball
1-0: Ball
2-0: Ball
3-0: Base on Balls
Pitching: RHP Lyle Lanley
Batting: RHB Juan Ramos 0-0: Called Strike
0-1: Called Strike
0-2: Fly out, F7 (Flyball, 78S)
Bottom of the 5th over - 0 run(s), 0 hit(s), 0 error(s), 1 left on base; Detroit 1 - Toledo 3
TOP OF THE 6TH
Detroit Renaissance batting - Pitching for Toledo Titans : RHP Manny Caraballo
Batting: RHB Bernardo Herrera 0-0: Ball
1-0: Foul Ball, location: 2F
1-1: Called Strike
1-2: Ground out 1-3 (Groundball, 15)
Batting: LHB Mike Silver 0-0: Ball
1-0: Fly out, F8 (Flyball, 8RD)
Batting: LHB Juan González 0-0: Ball
1-0: Ground out 4-3 (Groundball, 34)
Top of the 6th over - 0 run(s), 0 hit(s), 0 error(s), 0 left on base; Detroit 1 - Toledo 3
BOTTOM OF THE 6TH
Toledo Titans batting - Pitching for Detroit Renaissance : RHP Lyle Lanley
Batting: RHB Mike Burns 0-0: Ball
1-0: Ball
2-0: Ball
3-0: Called Strike
3-1: Foul Ball, location: 2F
3-2: Strikes out swinging, 2-3 out at first.
Batting: LHB José Ortega 0-0: Fly out, F8 (Flyball, 8LXD)
Batting: RHB Pil-joong Pak 0-0: Fly out, F8 (Flyball, 8LXD)
Bottom of the 6th over - 0 run(s), 0 hit(s), 0 error(s), 0 left on base; Detroit 1 - Toledo 3
TOP OF THE 7TH
Detroit Renaissance batting - Pitching for Toledo Titans : RHP Manny Caraballo
Batting: LHB Gregory Johnson 0-0: Ball
1-0: Ball
2-0: Foul Ball, location: 2F
2-1: SINGLE (Line Drive, 3D)
Batting: LHB Michael Neely 0-0: Ball
1-0: Ball
2-0: Ball
3-0: Called Strike
3-1: Swinging Strike
3-2: Foul Ball, location: 2F
3-2: Base on Balls
Gregory Johnson to second
Batting: LHB Tim Waters 0-0: Ball
1-0: Fly out, F8 (Flyball, 8LXD)
Runner from 2nd tags up, SAFE at 3rd, no throw
Batting: LHB Gustavo Cortéz 0-0: Ball
1-0: Called Strike
1-1: Ball
2-1: Called Strike
2-2: Foul Ball, location: 2F
2-2: Foul Ball, location: 2F
2-2: Ball
3-2: SINGLE (Flyball, 8LM)
Gregory Johnson scores
Michael Neely to second
Pitching: RHP Jaime Venditti
Batting: LHB Greg Robinson 0-0: SINGLE (Line Drive, 6MD)
Michael Neely to third
Gustavo Cortéz to second
Batting: RHB Kyle Bywaters 0-0: Ball
1-0: Grounds into double play, U4-3 (Groundball, 4)
Top of the 7th over - 1 run(s), 3 hit(s), 0 error(s), 2 left on base; Detroit 2 - Toledo 3
BOTTOM OF THE 7TH
Toledo Titans batting - Pitching for Detroit Renaissance : RHP Lyle Lanley
Batting: RHB Kade Knowles 0-0: Called Strike
0-1: Ball
1-1: Ball
2-1: SINGLE (Groundball, 25) (infield hit)
Batting: LHB Tony Dyer 0-0: Ball
1-0: SINGLE (Groundball, 3D)
Kade Knowles to second
Runner from 2nd tries for 3rd, SAFE, no throw or cutoff
Batting: LHB Yannick Hendriksen 0-0: Called Strike
0-1: Called Strike
0-2: Ground out 6-3 (Groundball, 6)
Tony Dyer to second
Batting: RHB Steve Dunn 0-0: Called Strike
0-1: Ball
1-1: Ball
2-1: 3-RUN HOME RUN (Flyball, 7LD), Distance : 366 ft
Pitching: RHP Connor Phelps
Batting: LHB Chris West 0-0: Ball
1-0: Called Strike
1-1: Foul Ball, location: 2F
1-2: Ball
2-2: Ball
3-2: Base on Balls
Batting: RHB Juan Ramos 0-0: Ball
Chris West steals 2nd base
1-0: Called Strike
1-1: Ball
2-1: Ball
3-1: Called Strike
Chris West steals 3rd base
3-2: SINGLE (Line Drive, 9LS)
Chris West scores
Batting: RHB Mike Burns 0-0: Ball
1-0: SINGLE (Line Drive, 8RS)
Juan Ramos to second
Batting: LHB José Ortega 0-0: Called Strike
0-1: Swinging Strike
0-2: Ball
1-2: Strikes out looking
Batting: RHB Pil-joong Pak 0-0: Ball
1-0: Ball
2-0: Ball
3-0: Called Strike
3-1: Base on Balls
Juan Ramos to third
Mike Burns to second
Batting: RHB Kade Knowles 0-0: Ball
1-0: Ball
2-0: Called Strike
2-1: Swinging Strike
2-2: Ball
3-2: Foul Ball, location: 2F
3-2: Foul Ball, location: 2F
3-2: DOUBLE (Line Drive, 7LS)
Juan Ramos scores
Mike Burns scores
Pil-joong Pak to third
Pil-joong Pak scores
Pitching: LHP José Ortíz
Batting: LHB Tony Dyer 0-0: Ball
1-0: Ball
2-0: Foul Ball, location: 2F
2-1: Foul Ball, location: 2F
2-2: Ground out 4-3 (Groundball, 4)
Bottom of the 7th over - 7 run(s), 6 hit(s), 0 error(s), 1 left on base; Detroit 2 - Toledo 10
TOP OF THE 8TH
Detroit Renaissance batting - Pitching for Toledo Titans : RHP Jaime Venditti
Now in LF: Jeff Lee
Batting: RHB Bernardo Herrera 0-0: Ball
1-0: Called Strike
1-1: Ball
2-1: Ball
3-1: SINGLE (Flyball, 89S)
Batting: LHB Mike Silver 0-0: Ball
1-0: Ball
2-0: Ball
3-0: Called Strike
3-1: Foul Ball, location: 2F
3-2: Strikes out looking
Bernardo Herrera is caught stealing 2nd base
Batter strikes out.
Batting: LHB Juan González 0-0: Foul Ball, location: 2F
0-1: Ball
1-1: Ball
2-1: Ground out U3 (Groundball, 3S)
Top of the 8th over - 0 run(s), 1 hit(s), 0 error(s), 0 left on base; Detroit 2 - Toledo 10
BOTTOM OF THE 8TH
Toledo Titans batting - Pitching for Detroit Renaissance : LHP José Ortíz
Batting: LHB Yannick Hendriksen 0-0: Called Strike
0-1: Fly out, F5 (Popup, 5DF)
Batting: RHB Steve Dunn 0-0: Foul Ball, location: 2F
0-1: Ball
1-1: Ground out 5-3 (Groundball, 56)
Batting: LHB Chris West 0-0: Foul Ball, location: 2F
0-1: Ball
1-1: Foul Ball, location: 2F
1-2: Strikes out looking
Bottom of the 8th over - 0 run(s), 0 hit(s), 0 error(s), 0 left on base; Detroit 2 - Toledo 10
TOP OF THE 9TH
Detroit Renaissance batting - Pitching for Toledo Titans : RHP Jaime Venditti
Batting: LHB Gregory Johnson 0-0: Ball
1-0: Called Strike
1-1: Called Strike
1-2: Fly out, F3 (Line Drive, 3)
Batting: LHB Michael Neely 0-0: Ball
1-0: Called Strike
1-1: Called Strike
1-2: Foul Ball, location: 2F
1-2: Strikes out swinging
Batting: LHB Tim Waters 0-0: Fly out, F7 (Flyball, 7LD)
Top of the 9th over - 0 run(s), 0 hit(s), 0 error(s), 0 left on base; Detroit 2 - Toledo 10
This league is powered by Out of the Park Baseball, the baseball management simulation game for PC, Mac and Linux
Monday, October 3rd, 2016 - OOTP Baseball 16.9 Build 39